 Dungeon Crawl Stone Soup version 0.31-a0-700-gf13585253f (webtiles) character file.

Game seed: 10731594274794623983

745 Dirtsage the Ruffian (level 7, -4/68 HPs)
             Began as a Troll Shapeshifter on Sept 7, 2023.
             Slain by an orc priest
             ... wielding a +0 trident of venom
              (6 damage)
             ... on level 4 of the Dungeon.
             The game lasted 00:04:57 (2687 turns).

Dirtsage the Ruffian (Troll Shapeshifter)           Turns: 2687, Time: 00:04:57

Health: -4/68      AC:  4    Str: 23    XL:     7   Next: 47%
Magic:  6/6        EV:  9    Int:  6    God:
Gold:   294        SH:  0    Dex: 11    Spells: 6/6 levels left

rFire   . .          .
                       - Unarmed
rCold   . . .        (no shield)
rNeg    . . .        a - +0 animal skin
rPois   .            (helmet currently unavailable)
rElec   .            (cloak currently unavailable)
rCorr   .            (gloves unavailable)
SInv    .            (boots unavailable)
Will    .....        k - amulet of faith
Stlth   +            m - ring of flight
HPRegen 1.11/turn    (no ring)
MPRegen 0.10/turn

%: faith
@: lethally poisoned (-4 -> -17), beast-form, flying
A: beast (slay +3), large, unfitting armour, claws 3, regeneration 1, shaggy fur
1, tough skin 1
a: Begin Untransformation


You were on level 4 of the Dungeon.
You were a hulking beast.
You visited 1 branch of the dungeon, and saw 4 of its levels.

You collected 294 gold pieces.

Inventory:

Armour
 a - a +0 animal skin (worn)
Jewellery
 k - an amulet of faith (around neck)
 m - a ring of flight (left claw)
Talismans
 c - a beast talisman (active)
 d - a flux talisman
 u - a maw talisman
Scrolls
 e - a scroll of noise {unknown}
 f - 2 scrolls of poison {unknown}
 j - 2 scrolls of identify {unknown}
 l - 2 scrolls of amnesia {unknown}
 p - a scroll of enchant weapon {unknown}
 q - a scroll of teleportation {unknown}
 r - a scroll of vulnerability {unknown}
 t - a scroll of immolation {unknown}
Potions
 b - a potion of lignification
 g - a potion of ambrosia {unknown}
 h - a potion of might {unknown}
 i - a potion of curing {unknown}
 n - a potion of degeneration {unknown}
 o - a potion of berserk rage {unknown}
 s - a potion of magic {unknown}
 w - a potion of haste {unknown}


   Skills:
 + Level 3.9 Fighting
 - Level 1.5 Dodging
 + Level 5.6 Unarmed Combat
 + Level 5.3 Shapeshifting


You had 6 spell levels left.
You didn't know any spells.
Your spell library was empty.

Dungeon Overview and Level Annotations

Branches:
Dungeon (4/15)
 Temple: D:4-7

Altars:
Dithmenos
Gozag


Innate Abilities, Weirdness & Mutations

You are a hulking beast.
Your limbs bulge with bestial killing power. (Slay +3)
You are too large for most types of armour.
You have claws for hands.
Your natural rate of healing is unusually fast.
You are covered in fur. (AC +1)
You have tough skin. (AC +1)


Message History

The ball python barely misses you. The orc hits you with a +0 falchion.
You take 7 damage, and have 33/68 hp.
You scratch the orc.
The orc is lightly wounded.
You feel sick. The ball python bites you. The orc hits you with a +0 flail.
The orc priest hits you but does no damage.
You are more poisoned.
The orc completely misses you.
You take 8 damage, and have 25/68 hp.
You mangle the orc!!
You kill the orc!
You feel very sick. The ball python bites you.
The orc priest barely misses you. The orc hits you with a +0 falchion.
* * * LOW HITPOINT WARNING * * *
You take 7 damage, and have 18/68 hp.
You feel very sick. The ball python barely misses you.
The orc priest hits you with a +0 trident of venom.
* * * LOW HITPOINT WARNING * * *
You are lethally poisoned!
The orc hits you but does no damage. The ball python barely misses you.
Items here: ))) †.
You take 8 damage, and have 10/68 hp.
You claw the orc priest!
The orc priest is heavily wounded.
* * * LOW HITPOINT WARNING * * *
You feel very sick.
The orc priest hits you but does no damage.
You are more poisoned.
The orc barely misses you.
The ball python bites you but does no damage.
You take 3 damage, and have 7/68 hp.
You claw the orc priest! Your claw misses the orc priest.
The orc priest is almost dead.
* * * LOW HITPOINT WARNING * * *
You feel very sick. The ball python barely misses you.
The orc priest hits you with a +0 trident of venom.
You die...

#.##.#
########.##########
#.##.# #..........#
#.##.# ##########.#
#.##.#################
#.#
#.##..................
#.#
#.############..#####
#.# #<.........# #..#
#.# ##########.# #.o#
####.# #.# #hS# #....#
#.# #o.# #.#### #)#
#.... #.# #.# #.#...#
#.# #.# #....... #.#
#.# ###...### #.# #.#
#.## #.# #.# .# #.#
#.# #.#


You could see an orc priest, an orc and a ball python.

Vanquished Creatures
  Sigmund (D:2)
  A black bear (D:4)
  An ogre (D:4)
  3 orc priests
  2 iguanas
  2 orc wizards
  8 gnolls
  5 adders
  3 worms
  11 orcs
  3 ball pythons
  6 endoplasms
  4 giant cockroaches
  4 goblins
  6 hobgoblins
  4 jackals
  7 quokkas
  5 bats
  5 frilled lizards
  10 kobolds
  7 rats
98 creatures vanquished.

Notes
Turn   | Place    | Note
-------+----------+-------------------------------------------
     0 | D:1      | Dirtsage the Troll Shapeshifter began the quest for the
                  | Orb.
     0 | D:1      | Reached XP level 1. HP: 18/18 MP: 0/0
    17 | D:1      | Reached skill level 1 in Fighting
    35 | D:1      | Reached XP level 2. HP: 26/27 MP: 1/1
   387 | D:1      | Reached XP level 3. HP: 33/33 MP: 2/2
   543 | D:1      | Found a faded altar of an unknown god.
   657 | D:2      | Noticed Sigmund
   710 | D:2      | Killed Sigmund
   711 | D:2      | Reached XP level 4. HP: 32/44 MP: 3/3
   711 | D:2      | Reached XP level 5. HP: 36/50 MP: 4/4
   890 | D:2      | Found an opulent altar of Gozag.
  1440 | D:3      | Reached XP level 6. HP: 55/59 MP: 5/5
  1973 | D:3      | Found an opulent altar of Gozag.
  2410 | D:4      | Reached skill level 5 in Unarmed Combat
  2411 | D:4      | Reached XP level 7. HP: 67/67 MP: 6/6
  2414 | D:4      | Reached skill level 5 in Shapeshifting
  2459 | D:4      | Found a shadowy altar of Dithmenos.
  2687 | D:4      | HP: 2/68 [poisoned by an orc priest]
  2687 | D:4      | Slain by an orc priest

Illustrated notes

Levels and vault maps discovered:
D:1:      psy_arrival_basics, layout_basic, chequers_ecumenical_altar_twisty,
          nicolae_houndstooth_variations
D:2:      layout_basic, basic_altar, uniq_sigmund
D:3:      layout_loops_corners, grunt_gozag_breadcrumbs
D:4:      layout_loops_ring, trog_ov_bears_minmay, old_standard_altar,
          mainiacjoe_overflow_concentric_impassable, uniq_eustachio

Skill      XL: |  1  2  3  4  5  6  7 |
---------------+----------------------+-----
Fighting       | 1 2 3 |  3.9
Unarmed Combat | 4 5 |  5.6
Shapeshifting  | 4 5 |  5.3
Dodging        | |  1.5

Action                     |  1- 3 |  4- 6 |  7- 9 || total
---------------------------+-------+-------+-------++-------
  Melee: Unarmed           |    75 |    98 |    34 ||   207
         Punch             |       |     1 |     1 ||     2
   Stab: Sleeping          |       |     1 |       ||     1
 Armour: Animal skin       |    51 |    59 |    40 ||   150
  Dodge: Dodged            |    23 |    36 |    20 ||    79

Table legend: (Time is in decaauts)
 A = Elapsed time spent in this place.
 B = Non-inter-level travel time spent in this place.
 C = Inter-level travel time spent in this place.
 D = Time resting spent in this place.
 E = Time spent auto-exploring this place.
 F = Levels seen in this place.
 G = Mean time per level.
                   A        B        C        D        E       F      G
               +--------+--------+--------+--------+--------+-----+--------+
         Total |   2669 |   2560 |    109 |      3 |   2052 |   4 |  667.2 |
       Dungeon |   2669 |   2560 |    109 |      3 |   2052 |   4 |  667.2 |
               +--------+--------+--------+--------+--------+-----+--------+

Top non-repeatable levels by time:
     D:3: 913 daAuts
     D:2: 754 daAuts
     D:1: 610 daAuts
     D:4: 391 daAuts
